 Dungeon Crawl Stone Soup version 0.20.0-10-g0535bb4 (console) character file.

106 2d6 the Shield-Bearer (level 5, -9/42 HPs)
             Began as a Formicid Fighter on June 5, 2017.
             Was an Initiate of Gozag.
             Killed by divine providence
             ... invoked by an orc priest
              (12 damage)
             ... on level 3 of the Dungeon.
             The game lasted 00:11:05 (2349 turns).

2d6 the Shield-Bearer (Formicid Fighter)            Turns: 2349, Time: 00:11:05

Health: -9/42      AC:  7    Str: 27    XL:     5   Next: 10%
Magic:  5/5        EV:  8    Int:  7    God:    Gozag
Gold:   210        SH: 10    Dex: 10    Spells: 3/4 levels left

rFire    . . .     SeeInvis +   a - +0 quarterstaff
rCold    . . .     Gourm    .   c - +0 shield
rNeg     . . .     Faith    .   b - +0 scale mail
rPois    .         Spirit   .   (helmet unavailable)
rElec    .         Reflect  .   (no cloak)
rCorr    .         Harm     .   (no gloves)
MR       .....                  (no boots)
Stlth    ..........             q - amulet of regeneration
Regen    0.6/turn               (no ring)
MPRegen  0.1/turn               (no ring)

@: mighty
A: permanent stasis, dig shafts and tunnels, four strong arms, antennae 3
a: Dig, Shaft Self, Potion Petition, Call Merchant, Bribe Branch, Renounce
Religion


You were on level 3 of the Dungeon.
You worshipped Gozag.
Gozag was aware of your devotion.
You were not hungry.

You visited 1 branch of the dungeon, and saw 3 of its levels.

You collected 223 gold pieces.
You paid 13 gold pieces to Gozag.

Inventory:

Hand Weapons
 a - a +0 quarterstaff (weapon)
 m - a +0 hunting sling
 o - a +2 dagger of venom
 t - a +2 dagger of venom
 x - a +0 blowgun
 y - a +2 dagger of speed
Missiles
 k - 33 poisoned needles
 u - 126 stones (quivered)
Armour
 b - a +0 scale mail (worn)
 c - a +0 shield (worn)
Jewellery
 q - an amulet of regeneration (around neck)
Scrolls
 i - a scroll of teleportation {unknown}
 l - a scroll of remove curse {unknown}
 p - a scroll of enchant armour {unknown}
 r - a scroll of identify {unknown}
 w - a scroll of noise {unknown}
Potions
 d - a potion of might
 e - a potion of berserk rage {unknown}
 g - 2 potions of heal wounds {unknown}
 j - a potion of curing {unknown}
 n - 2 potions of invisibility {unknown}
 s - a potion of lignification {unknown}
 z - a potion of cancellation {unknown}
 A - a potion of agility {unknown}
Books
 v - a book of Maledictions

   Spells                             Type                      Level
   a - Corona                         Hexes                        1
   b - Ensorcelled Hibernation        Hexes/Ice                    2
   c - Confuse                        Hexes                        3
   d - Tukima's Dance                 Hexes                        3
   e - Dazzling Spray                 Conjuration/Hexes            3
Comestibles
 f - 3 bread rations


   Skills:
 - Level 4.0 Fighting
 + Level 3.5 Staves
 - Level 4.0 Armour
 - Level 4.0 Shields


You had 3 spell levels left.
You knew the following spells:

 Your Spells              Type           Power        Failure   Level  Hunger
a - Corona                Hex            #......      96%         1    ##.....


Dungeon Overview and Level Annotations

Branches:
Dungeon (3/15)

Altars:
Gozag

Shops:
D:2 *


Innate Abilities, Weirdness & Mutations

You cannot be hasted, slowed, berserked, paralysed or teleported.
You can dig through walls and to a lower floor.
Your four strong arms can wield two-handed weapons with a shield.
You have a pair of large antennae on your head. (SInv)


Message History

The orc priest looks braver for a moment.
You hit the orc priest but do no damage.
The orc priest is severely wounded.
The orc priest hits you with a flail.
Your shield and scale mail prevent you from hitting the orc priest.
The orc priest is severely wounded.
The orc priest is distracted by the nearby gold.
You barely miss the orc priest.
The orc priest is no longer distracted by gold.
The orc priest shouts!
The orc priest is severely wounded.
The orc priest invokes the aid of Beogh against you.
Pain shoots through your body!
* * * LOW HITPOINT WARNING * * *
The orc priest looks braver for a moment.
You feel very mighty all of a sudden.
The orc priest invokes the aid of Beogh against you.
Beogh smites you!
You die...
Your body crumbles into a pile of gold.

##.#.###.##....).###
#........##......##.
#........##......##.
#.##.##.###......##.
#.#..##.# ######....
#.#.###.# ####.
#.......# #.
###.##### #. #@# #.
#o# #. #.! $ #. ####
.


You could see an orc priest.

Vanquished Creatures
  3 adders (D:2)
  An ooze (D:1)
  2 worms
  2 dart slugs (D:2)
  4 leopard geckos
  3 orcs (D:3)
  13 bats
  2 giant cockroaches
  5 goblins
  11 hobgoblins
  A quokka (D:3)
  2 frilled lizards
  6 kobolds
  5 rats
60 creatures vanquished.

Notes
Turn   | Place    | Note
-------+----------+-------------------------------------------
     0 | D:1      | 2d6 the Formicid Fighter began the quest for the Orb.
     0 | D:1      | Reached XP level 1. HP: 18/18 MP: 1/1
   306 | D:1      | Reached XP level 2. HP: 24/24 MP: 2/2
   613 | D:1      | Reached XP level 3. HP: 28/29 MP: 3/3
  1198 | D:2      | Found Gozag's Platinum Reserve.
  1287 | D:2      | Found an opulent altar of Gozag.
  1300 | D:2      | Reached XP level 4. HP: 36/36 MP: 4/4
  1342 | D:2      | Became a worshipper of Gozag Ym Sagoz the Greedy
  2005 | D:3      | Learned a level 1 spell: Corona
  2169 | D:3      | Reached XP level 5. HP: 41/42 MP: 5/5
  2348 | D:3      | HP: 2/42 [orc priest/nerve-wracking pain (12)]
  2349 | D:3      | Killed from afar by an orc priest

Skill      XL: |  1  2  3  4 |
---------------+-------------+-----
Shields        | 4 |  4.0
Armour         | 4 |  4.0
Staves         | 3 |  3.5
Fighting       | 4 |  4.0

Action                   |  1- 3 |  4- 6 || total
-------------------------+-------+-------++-------
Melee: Quarterstaff      |   102 |   114 ||   216
Throw: Stone             |     5 |       ||     5
  Use: Potion            |       |     1 ||     1
 Stab: Distracted        |       |     1 ||     1
  Eat: Chunk             |     1 |     1 ||     2
       Fruit             |       |     1 ||     1
       Royal jelly       |       |     1 ||     1
Armor: Scale mail        |    54 |    39 ||    93
Dodge: Dodged            |    50 |    39 ||    89
Block: Shield            |    72 |    55 ||   127

Vault maps used:
D:1:      dpeg_arrival_rooms_a
D:2:      nicolae_gozag_zags_fifth_avenue, first_bread, minmay_crystal_water
